 Dungeon Crawl Stone Soup version 0.29.1-12-g30fa7ad0bf (webtiles) character file.

Game seed: 9525216250476051919

2848 hawla the Thaumaturge (level 10, -1/106 HPs)
             Began as a Meteoran Fire Elementalist on Jan 10, 2023.
             Was a Follower of Vehumet.
             Slain by a wraith (9 damage)
             ... on level 11 of the Dungeon.
             The game lasted 00:16:00 (3654 turns).

hawla the Thaumaturge (Meteoran Fire Elementalist)  Turns: 3654, Time: 00:16:00

Health: -1/106     AC:  5    Str: 10    XL:     10   Next: 24%
Magic:  4/24       EV: 13    Int: 26    God:    Vehumet [*.....]
Gold:   322        SH:  0    Dex: 14    Spells: 13/28 levels left

rFire   . . .      SeeInvis .   p - staff of poison
rCold   . . .      Faith    .   (no shield)
rNeg    + . .      Spirit   .   a - +0 robe
rPois   +          Reflect  .   (no helmet)
rElec   .          Harm     .   u - +0 cloak
rCorr   .          Rampage  .   v - +0 pair of gloves
Will    ++...                   g - +0 pair of boots
Stlth   ..........              c - amulet of the acrobat
HPRegen 0.27/turn               o - ring of willpower
MPRegen 0.19/turn               t - ring of the Forging Fool {*Corrode +Blink rN+ Int+4}

@: berserking (expiring), slowed, glowing
A: sense surroundings 2, otherworldly, glowing, explore regen
a: Renounce Religion, Evoke Blink


You were on level 11 of the Dungeon.
You worshipped Vehumet.
Vehumet was aware of your devotion.
You visited 2 branches of the dungeon, and saw 10 of its levels.

You collected 322 gold pieces.

Inventory:

Armour
 a - a +0 robe (worn)
 g - a +0 pair of boots (worn)
 u - a +0 cloak (worn)
 v - a +0 pair of gloves (worn)
Magical Staves
 p - a staff of poison (weapon)
Jewellery
 c - an amulet of the acrobat (around neck)
 j - a ring of fire
 o - a ring of willpower (left hand)
 t - the ring of the Forging Fool (right hand) {*Corrode +Blink rN+ Int+4}
   (You found it on level 4 of the Dungeon)

   [ring of positive energy]

   Int:       It affects your intelligence (+4).
   rN:        It protects you from negative energy.
   +Blink:    It lets you blink.
   *Corrode:  It may corrode you when you take damage.
 x - a ring of resist corrosion
Wands
 i - a wand of acid (16) (quivered)
 n - a wand of charming (5)
Scrolls
 d - a scroll of summoning
 e - 3 scrolls of brand weapon {unknown}
 h - a scroll of teleportation
 m - a scroll of amnesia
 y - 2 scrolls of butterflies
 z - a scroll of immolation {unknown}
Potions
 f - a potion of haste {unknown}
 k - a potion of brilliance
 q - 2 potions of flight {unknown}
 r - a potion of curing {unknown}
 s - 2 potions of cancellation {unknown}
 w - 2 potions of mutation {unknown}


   Skills:
 + Level 1.0 Fighting
 + Level 3.5 Dodging
 - Level 1.4 Stealth
 + Level 9.7 Spellcasting
 + Level 6.8 Conjurations
 + Level 8.4 Fire Magic
 + Level 1.7 Ice Magic
 + Level 5.3 Air Magic
 + Level 2.0 Poison Magic
 + Level 2.0 Evocations


You had 13 spell levels left.
You knew the following spells:

 Your Spells              Type           Power      Damage    Failure   Level
a - Foxfire               Conj/Fire      100%       2x1d9     1%          1
b - Scorch                Fire           100%       2d10      1%          2
c - Flame Wave            Conj/Fire      51%        2d13      1%          4
d - Airstrike             Air            20%        2d(3-19)  5%          4
e - Hailstorm             Conj/Ice       34%        3d9       9%          4

Your spell library contained the following spells:

 Spells                   Type           Power      Damage    Failure   Level
 Magic Dart               Conj           100%       1d8       1%          1
 Shock                    Conj/Air       100%       1d9       1%          1
 Conjure Flame            Conj/Fire      51%        6-21      1%          3
 Swiftness                Air            40%        N/A       1%          3
 Inner Flame              Hex/Fire       34%        N/A       2%          3
 Ice Form                 Ice/Tmut       17%        N/A       32%         4
 Simulacrum               Ice/Necr       8%         N/A       99%         6


Dungeon Overview and Level Annotations

Branches:
Dungeon (8/15) Zot: 1957   Temple (1/1) D:7 Zot: 386
   Lair: D:8-11

Altars:
Ashenzari
Cheibriados
Dithmenos
Elyvilon
Fedhas
Gozag
Hepliaklqana
Kikubaaqudgha
Nemelex Xobeh
Okawaru
Qazlal
Ru
Trog
Vehumet
Wu Jian
Xom
Yredelemnul
Zin
The Shining One


Innate Abilities, Weirdness & Mutations

You passively map the area around you.
You are easily found by Zot.
You glow in the dark.
You regain HP and MP as you explore.


Message History

You hit the wraith!
The wraith is moderately damaged.
The centaur closely misses you. The centaur misses you. The wraith hits you.
The wraith drains your vigour!
You feel yourself slow down. The centaur hits you.
The centaur kicks you but does no damage.
You hit the wraith. Your punch misses the wraith.
The wraith is moderately damaged.
The centaur completely misses you.
The centaur kicks you but does no damage.
The wraith hits you! The wraith drains your vigour!
You feel as though you will be slow longer.
You barely miss the wraith.
The wraith is moderately damaged.
The centaur barely misses you. The centaur kicks you.
The centaur closely misses you.
The centaur kicks you but does no damage.
The wraith hits you.
* * * LOW HITPOINT WARNING * * *
The wraith drains your vigour!
You feel as though you will be slow longer.
You barely miss the centaur.
The centaur is severely wounded.
The centaur hits you.
* * * LOW HITPOINT WARNING * * *
The centaur misses you. The wraith hits you!
* * * LOW HITPOINT WARNING * * *
The wraith drains your vigour!
You feel as though you will be slow longer.
The centaur barely misses you.
The centaur kicks you but does no damage.
You hit the centaur.
You kill the centaur!
Vehumet accepts your kill. The wraith hits you!
* * * LOW HITPOINT WARNING * * *
The wraith drains your vigour!
You feel as though you will be slow longer.
The wraith hits you!
You die...

* * , # ,* ,,
##### , #...# * *
**#...# #
#...#############
,, * ,,
##..###.......##..
,
#.......#####..P..
#@..##### ###... ,
,** #..)W#...#
#...P ,,
.....#.)###.#
#P.P. , ,
...#*#)## *..#*
*#.... , .. * ..
... , ....P. , , ,
, ,... * ..##
##.PPP , * , W..#
*.# #P... * ,,.#..
, ,,, ##P.P , *,
,, ,


You could see a wraith.

Vanquished Creatures
  Prince Ribbit (D:8)
  3 yaks (D:11)
  A water moccasin (D:7)
  2 ogres
  3 black bears
  An ice beast (D:6)
  6 centaurs
  A kobold brigand (D:11)
  A bullfrog (D:8)
  7 scorpions
  A gnoll sergeant (D:8)
  A vampire bat (D:5)
  A jelly (D:4)
  5 hounds
  3 iguanas
  2 orc wizards (D:5)
  4 gnolls (D:8)
  7 adders
  4 white imps
  A worm (D:5)
  3 fire bats (D:5)
  12 orcs
  2 spectral bats (D:5)
  3 bat skeletons (D:5)
  A bat zombie (D:5)
  5 endoplasms
  3 giant cockroaches
  4 goblins
  4 hobgoblins
  2 quokkas (D:4)
  2 ball pythons
  11 bats
  A bat simulacrum (D:5)
  A frilled lizard (D:2)
  9 kobolds
  3 rats
121 creatures vanquished.

Vanquished Creatures (collateral kills)
  A foxfire (D:11)
1 creature vanquished.

Vanquished Creatures (others)
  184 foxfires
  3 plants (D:11)
187 creatures vanquished.

Grand Total: 309 creatures vanquished

Notes
Turn   | Place    | Note
-------+----------+-------------------------------------------
     0 | D:1      | hawla the Meteoran Fire Elementalist began the quest for
                  | the Orb.
     0 | D:1      | Reached XP level 1. HP: 14/14 MP: 5/5
    70 | D:1      | Reached XP level 2. HP: 20/20 MP: 4/6
    73 | D:1      | Learned a level 2 spell: Scorch
   200 | D:2      | Reached skill level 3 in Spellcasting
   289 | D:2      | Reached skill level 1 in Evocations
   289 | D:2      | Reached XP level 3. HP: 26/26 MP: 5/8
   301 | D:3      | Reached XP level 4. HP: 32/33 MP: 3/9
   312 | D:3      | Learned a level 4 spell: Flame Wave
   539 | D:4      | Reached XP level 5. HP: 38/38 MP: 5/10
   793 | D:4      | Identified the ring of the Forging Fool {*Corrode +Blink
                  | rN+ Int+4}
  1083 | D:4      | Noticed an ogre
  1089 | D:4      | Killed an ogre
  1090 | D:4      | Reached XP level 6. HP: 46/46 MP: 5/12
  1297 | D:5      | Entered Level 5 of the Dungeon
  1355 | D:5      | Reached skill level 5 in Fire Magic
  1404 | D:5      | Reached skill level 4 in Spellcasting
  1494 | D:5      | Reached XP level 7. HP: 51/51 MP: 10/14
  1513 | D:5      | Learned a level 4 spell: Airstrike
  1540 | D:5      | Found a hazy altar of Hepliaklqana.
  1728 | D:5      | Reached skill level 5 in Conjurations
  1748 | D:5      | Reached XP level 8. HP: 27/58 MP: 3/15
  1767 | D:5      | Found a bloodstained altar of Trog.
  1897 | D:5      | Reached skill level 5 in Spellcasting
  2506 | D:6      | Reached skill level 6 in Spellcasting
  2582 | D:6      | Gained mutation: You passively map the area around you.
                  | [Meteoran growth]
  2582 | D:6      | Reached XP level 9. HP: 63/63 MP: 16/19
  2754 | D:6      | Noticed a manticore
  3060 | D:7      | Learned a level 4 spell: Hailstorm
  3067 | D:7      | Reached skill level 1 in Ice Magic
  3081 | D:7      | Found a staircase to the Ecumenical Temple.
  3124 | Temple   | Entered the Ecumenical Temple
  3278 | Temple   | Became a worshipper of Vehumet
  3363 | D:7      | Reached skill level 7 in Spellcasting
  3424 | D:8      | Noticed Prince Ribbit
  3427 | D:8      | Killed Prince Ribbit
  3428 | D:8      | Reached skill level 5 in Air Magic
  3556 | D:8      | You fall into a shaft and drop 3 floors!
  3591 | D:11     | Reached skill level 8 in Spellcasting
  3635 | D:11     | Reached XP level 10. HP: 35/70 MP: 10/23
  3636 | D:11     | Reached skill level 9 in Spellcasting
  3636 | D:11     | Reached * piety under Vehumet
  3636 | D:11     | Offered knowledge of Magic Dart by Vehumet.
  3640 | D:11     | Reached skill level 1 in Fighting
  3654 | D:11     | Slain by a wraith

Illustrated notes

Levels and vault maps discovered:
D:1:      eino_arrival_cavern_d, layout_loops_cross, wad_floor_pattern_2,
          chequers_serial_rivers_micro_a
D:2:      layout_loops_corners, shapermc_ecumenical_altar_petra
D:3:      layout_loops_ring
D:4:      cheibrodos_old_hovel, layout_basic, grunt_ministairs_2,
          kennysheep_generic_room_13
D:5:      layout_layer_cave, mainiacjoe_overflow_surrounded_room,
          lemuel_doored_altar, goddamned_bats
D:6:      layout_basic, minmay_misc_feat_enclosed, lightli_corner_chamber
D:7:      layout_basic, temple_pool_b, chequers_serial_rivers_large_b,
          uniq_maggie, uniq_crazy_yiuf_cottage
D:8:      layout_basic, blue_anna_alchemist, uniq_prince_ribbit1
D:11:     layout_rooms, grunt_lair_entry_orc_guard_hut, uniq_erica
Temple:   minmay_crystal_spiral_temple

Skill      XL: |  1  2  3  4  5  6  7  8  9 10 |
---------------+-------------------------------+-----
Fire Magic     | 4 5 6 8 |  8.4
Spellcasting   | 3 4 6 8 9 |  9.7
Evocations     | 1 2 |  2.0
Conjurations   | 3 4 5 6 |  6.8
Air Magic      | 4 5 |  5.3
Dodging        | 3 |  3.5
Ice Magic      | 1 |  1.7
Poison Magic   | 2 |  2.0
Fighting       | 1 |  1.0
Stealth        | |  1.4

Action                   |  1- 3 |  4- 6 |  7- 9 | 10-12 || total
-------------------------+-------+-------+-------+-------++-------
Melee: Unarmed           |    10 |     7 |     1 |       ||    18
       Punch             |     1 |       |       |       ||     1
       Staff             |       |       |     2 |    13 ||    15
 Cast: Foxfire           |    24 |    48 |    40 |       ||   112
       Scorch            |     3 |    12 |    31 |       ||    46
       Flame Wave        |       |       |    14 |     1 ||    15
       Airstrike         |       |       |     8 |       ||     8
       Hailstorm         |       |       |     2 |     1 ||     3
  Use: Scroll            |       |     9 |     2 |       ||    11
       Potion            |       |       |     1 |     2 ||     3
Armor: Robe              |     2 |     3 |    21 |    17 ||    43
Dodge: Dodged            |    10 |    15 |    43 |    32 ||   100
